cohdb
Replays
Latest Replays
All Replays
Popular Replays
Top Player Replays
Match Explorer
How It Works
Community
CoH3 Stats
Reddit
Sign in to upload your games and track your stats! →
Sign in with Steam
Match 19800238
Unlisted
Match 19800238
Overview
Messages
Build Orders
End
Construct Section Command Post
Vickers Machine Gun Team
Infantry Section
ML 3-inch Mortar Team
Infantry Section
Grenade Package
Infantry Section
Selects Air and Sea Battlegroup
Selects Supply Surplus
Construct Resource Cache
Selects Centaur Medium Tank
Centaur Medium Tank
Construct Platoon Command Post
Construct Company Command Post
Selects Naval Bombardment
Naval Bombardment
Crusader II Medium Tank
Selects Commando Section Paradrop
Selects M1 Pack Howitzer Paradrop
6-pounder Anti-tank Gun Team
Centaur Medium Tank
Crusader II Medium Tank
Naval Bombardment
Matilda II Heavy Tank
Matilda II Heavy Tank
Bimbi
BLITZKRIEG BOB
MonoChrome
Big-BOOM777
0
0
Comments
sign in to comment!
No comments posted yet!